 Dungeon Crawl Stone Soup version 0.29.0 (webtiles) character file.

Game seed: 12653810502376958280

2920 worthlessgem the Changer (level 9, -3/40 HPs)
             Began as a Felid Transmuter on Aug 24, 2022.
             Was a Believer of Yredelemnul.
             Slain by a two-headed ogre
             ... wielding a +0 giant club
              (31 damage)
             ... on level 8 of the Dungeon.
             The game lasted 00:52:51 (11513 turns).

worthlessgem the Changer (Felid Transmuter)        Turns: 11513, Time: 00:52:52

Health: -3/40      AC:  2    Str: 16    XL:     9   Next: 50%
Magic:  12/16      EV: 27    Int: 21    God:    Yredelemnul [**....]
Gold:   289        SH:  0    Dex: 19    Spells: 4/17 levels left
                                        Lives:  0   Deaths: 2

rFire   . . .      SeeInvis +     - Unarmed
rCold   . . .      Faith    .   (shield unavailable)
rNeg    . . .      Spirit   .   (body armour unavailable)
rPois   x          Reflect  .   (helmet unavailable)
rElec   .          Harm     .   (cloak unavailable)
rCorr   .          Rampage  .   (gloves unavailable)
Will    +....                   (boots unavailable)
Stlth   +++.......              o - amulet of magic regeneration
HPRegen 0.13/turn               g - +6 ring of intelligence
MPRegen 0.55/turn               m - +4 ring of evasion

@: spider-form
A: venomous fangs, tiny, (claws 1), (fangs 3), see invisible, (speed 1), (shaggy
fur 2), (stealthy paws), no weapons or thrown items, no armour, multi-lived,
(iridescent scales 1), strong 2
a: End Transformation, Renounce Religion, Recall Undead Harvest, Dark Bargain


You were on level 8 of the Dungeon.
You worshipped Yredelemnul.
Yredelemnul was noncommittal.
You were a venomous arachnid creature.
You visited 2 branches of the dungeon, and saw 9 of its levels.

You collected 458 gold pieces.
You spent 169 gold pieces at shops.

Inventory:

Jewellery
 g - a +6 ring of intelligence (left front leg)
 m - a +4 ring of evasion (right front leg)
 o - an amulet of magic regeneration (around neck)
 p - a ring of protection from fire
 q - a ring of flight
 v - a ring of willpower
Wands
 u - a wand of mindburst (13)
Scrolls
 b - 3 scrolls of fear
 e - a scroll of identify
 f - a scroll of magic mapping
 l - a scroll of teleportation
 r - a scroll of butterflies
 s - 2 scrolls of amnesia {unknown}
 t - a scroll of blinking {unknown}
Potions
 a - 3 potions of lignification
 c - a potion of degeneration
 d - 2 potions of mutation
 h - a potion of brilliance {unknown}
 i - 5 potions of curing
 k - 3 potions of heal wounds


   Skills:
 + Level 4.8 Fighting
 + Level 5.7 Dodging
 + Level 4.2 Stealth
 - Level 3.0 Unarmed Combat
 - Level 4.5 Spellcasting
 + Level 7.7 Transmutations
 - Level 2.5 Fire Magic
 - Level 5.0 Ice Magic
 - Level 2.5 Poison Magic
 + Level 4.5 Invocations


You had 4 spell levels left.
You knew the following spells:

 Your Spells              Type           Power      Damage    Failure   Level
a - Beastly Appendage     Tmut           74%        N/A       3%          1
b - Wereblood             Tmut           37%        N/A       4%          2
c - Spider Form           Tmut/Pois      26%        N/A       13%         3
d - Ice Form              Ice/Tmut       31%        N/A       22%         4
e - Ignite Poison         Fire/Tmut/Pois 22%        N/A       17%         3

Your spell library contained the following spells:

 Spells                   Type           Power      Damage    Failure   Level
 Conjure Flame            Conj/Fire      10%        6-21      41%         3
 Sticky Flame             Conj/Fire      10%        2d3       75%         4


Dungeon Overview and Level Annotations

Branches:
Dungeon (8/15)             Temple (1/1) D:4            Lair (0/5) D:8

Altars:
Ashenzari
Cheibriados
Dithmenos
Elyvilon
Fedhas
Hepliaklqana
Kikubaaqudgha
Makhleb
Nemelex Xobeh
Okawaru
Qazlal
Ru
Sif Muna
Trog
Uskayaw
Vehumet
Wu Jian
Xom
Yredelemnul
Zin
The Shining One

Shops:
D:2 !

Annotations:
D:8 1 exclusion


Innate Abilities, Weirdness & Mutations

You are a venomous arachnid creature.
You have poisonous fangs.
You are tiny and dextrous.
Your spellcasting is less reliable in this form.
((You have sharp claws.))
((You have razor-sharp teeth.))
You have supernaturally acute eyesight. (SInv)
((You cover ground quickly. (Speed+)))
((You are covered in thick fur. (AC +2)))
((Your paws help you pounce on unaware monsters.))
You are incapable of wielding weapons or throwing items.
You cannot wear armour.
You gain extra lives every three experience levels.
((You are partially covered in iridescent scales. (AC +2)))
Your muscles are very strong. (Str +8, Int/Dex -2)


Message History

Your scorpion zombie hits the two-headed ogre.
You hit the killer bee. You freeze the killer bee.
The killer bee is lightly wounded.
Your orc zombie is recalled.
You finish recalling your allies.
The killer bee stings you but does no damage.
The killer bee barely misses your scorpion zombie.
An orc comes into view. It is wielding a +0 dagger.
The killer bee stings your scorpion zombie but does no damage.
Your orc zombie completely misses the killer bee.
Your scorpion zombie closely misses the killer bee.
Yredelemnul has nowhere to place a servant.
Casting: Ignite Poison (dangerous; 6% risk of failure)
Confirm with . or Enter, or press ? or * to list all spells.
You warm up again.
You turn into a venomous arachnid creature.
The killer bee stings your scorpion zombie.
The killer bee stings your orc zombie.
Your black bear zombie bites the wight but does no damage.
Your black bear zombie barely misses the wight.
Your black bear zombie closely misses the wight.
Your orc zombie misses the killer bee.
Your scorpion zombie misses the killer bee.
You bite the two-headed ogre!
The two-headed ogre is poisoned.
The two-headed ogre is moderately wounded.
The killer bee stings your orc zombie!
Your orc zombie is destroyed!
The orc priest begins to cast a cantrip, but forgets the words!
The two-headed ogre misses you.
The two-headed ogre completely misses you.
Your black bear zombie bites the wight.
Your black bear zombie barely misses the wight.
Your black bear zombie claws the wight but does no damage.
Your scorpion zombie hits the killer bee.
You completely miss the two-headed ogre.
The two-headed ogre is moderately wounded.
The two-headed ogre hits you with a +0 giant club!!
Ouch! That really hurt!
You die...
Your body rises from the dead as a mindless zombie.

#..y..##...$..#.#.#
♣#.............#.#.#
!.............#.#.#
#.............#Z#.#
#....o##......#Z#.#
#.ZZyy##......#Z#.# ...zyy
#......#Z#Z# .########## ####O#
#.!....#.#Z# ..Z.ZZ..Z.# #s#
#######.#Z# .###.####.#
#Z##########Z#.#
...Z..#.######Z#.......Z..#.#
.........ZZZZZ.ZZZ......#####Z#
........#Z######.#.##########.#
.######.#.# #......ZZ.ZZ.Z.# .
..#.# ###.############ ## #.#
#.# #.# #.#


You could see a two-headed ogre (very poisoned), 4 killer bees, a wight, an orc,
a friendly black bear zombie, a friendly killer bee zombie, a friendly scorpion
zombie, 3 friendly orc zombies and a friendly orc warrior zombie.

Vanquished Creatures
  Grinder (D:3)
  Eustachio (D:5)
  Menkaure (D:7)
  2 water moccasins
  2 orc warriors
  2 black bears
  2 sky beasts
  3 centaurs
  A phantom (D:7)
  6 bullfrogs
  4 scorpions
  4 wights (D:6)
  2 killer bees (D:8)
  3 howler monkeys
  2 hounds
  2 jellies
  A gnoll bouda (D:5)
  2 orc priests (D:7)
  8 iguanas
  4 gnolls
  8 adders
  A shadow imp (D:6)
  2 white imps
  3 worms
  2 dart slugs
  13 orcs
  8 endoplasms
  3 giant cockroaches
  2 hobgoblins (D:2)
  6 jackals
  8 quokkas
  5 ball pythons
  6 bats
  2 frilled lizards
  5 goblins
  4 kobolds
  6 rats
  A spectral goblin (D:2)
138 creatures vanquished.

Vanquished Creatures (collateral kills)
  A steam dragon (D:7)
  3 gnolls (D:5)
  An orc (D:8)
5 creatures vanquished.

Vanquished Creatures (others)
  A howler monkey zombie (D:5)
  A gnoll zombie (D:5)
  4 orc zombies
  5 fungi (D:8)
  8 plants
19 creatures vanquished.

Grand Total: 162 creatures vanquished

Notes
Turn   | Place    | Note
-------+----------+-------------------------------------------
     0 | D:1      | worthlessgem the Felid Transmuter began the quest for the
                  | Orb.
     0 | D:1      | Reached XP level 1. HP: 9/9 MP: 4/4
   487 | D:1      | Reached skill level 3 in Transmutations
   487 | D:1      | Reached XP level 2. HP: 12/12 MP: 4/6
   491 | D:1      | Learned a level 2 spell: Wereblood
  1080 | D:2      | Reached XP level 3. HP: 15/15 MP: 5/7
  1103 | D:2      | Reached skill level 4 in Transmutations
  1344 | D:2      | Found a snail-covered altar of Cheibriados.
  1811 | D:2      | Found Huffash's Distillery.
  1820 | D:2      | Bought a potion of curing for 39 gold pieces
  2042 | D:2      | Reached XP level 4. HP: 15/19 MP: 6/8
  2142 | D:2      | Reached skill level 5 in Transmutations
  2146 | D:2      | Learned a level 3 spell: Spider Form
  2207 | D:2      | Identified the +2 robe of Poaha {+Blink rC- Regen+}
  2305 | D:2      | Found a faded altar of an unknown god.
  2961 | D:3      | Noticed Grinder
  2974 | D:3      | Slain by Grinder
  2975 | D:3      | Reached XP level 3. HP: -4/22 MP: 6/7
  2998 | D:3      | Killed Grinder
  2999 | D:3      | Reached skill level 6 in Transmutations
  2999 | D:3      | Reached XP level 4. HP: 13/19 MP: 8/8
  2999 | D:3      | Reached XP level 5. HP: 15/22 MP: 9/9
  3227 | D:3      | Gained mutation: You are covered in thick fur. (AC +2)
                  | [Felid growth]
  3227 | D:3      | Reached XP level 6. HP: 5/25 MP: 7/10
  3908 | D:3      | Learned a level 3 spell: Ignite Poison
  4163 | D:4      | Found a staircase to the Ecumenical Temple.
  4172 | Temple   | Entered the Ecumenical Temple
  4225 | Temple   | Became a worshipper of Yredelemnul the Dark
  4354 | D:4      | Found a broken altar of Ashenzari.
  4377 | D:4      | Found a shadowy altar of Dithmenos.
  5469 | D:5      | Entered Level 5 of the Dungeon
  5584 | D:2      | Bought a potion of heal wounds for 65 gold pieces
  5584 | D:2      | Bought a potion of heal wounds for 65 gold pieces
  5801 | D:5      | Reached XP level 7. HP: 23/28 MP: 8/11
  5875 | D:5      | Noticed Eustachio
  5878 | D:5      | Gained mutation: Your muscles are strong. (Str +4, Int/Dex
                  | -1) [potion of mutation]
  5878 | D:5      | Gained mutation: Your muscles are very strong. (Str +8,
                  | Int/Dex -2) [potion of mutation]
  5878 | D:5      | Gained mutation: You are partially covered in iridescent
                  | scales. (AC +2) [potion of mutation]
  6169 | D:5      | Found a white marble altar of Elyvilon.
  6344 | D:5      | Found a snail-covered altar of Cheibriados.
  6518 | D:5      | Reached * piety under Yredelemnul
  6561 | D:5      | Killed by miscasting Ignite Poison
  6562 | D:5      | Reached XP level 6. HP: -3/25 MP: 5/12
  6585 | D:5      | Killed Eustachio
  6586 | D:5      | Reached XP level 7. HP: 27/28 MP: 12/14
  6704 | D:5      | Learned a level 4 spell: Ice Form
  7670 | D:6      | Reached skill level 1 in Fire Magic
  7670 | D:6      | Reached skill level 1 in Poison Magic
  8208 | D:6      | Reached ** piety under Yredelemnul
  8208 | D:6      | Reached skill level 5 in Ice Magic
  8276 | D:6      | Reached XP level 8. HP: 32/32 MP: 15/15
  8289 | D:6      | Reached skill level 7 in Transmutations
  8297 | D:6      | Found a sparkling altar of Nemelex Xobeh.
  8824 | D:7      | Reached skill level 1 in Invocations
  8842 | D:7      | Noticed Menkaure
  8904 | D:7      | Killed Menkaure
  9390 | D:7      | Found a glowing golden altar of the Shining One.
  9390 | D:7      | Found a shimmering altar of Xom.
  9648 | D:7      | Reached skill level 1 in Stealth
 10036 | D:7      | Reached XP level 9. HP: 38/39 MP: 12/16
 11041 | D:8      | Reached skill level 5 in Dodging
 11225 | D:8      | Found a staircase to the Lair.
 11417 | D:8      | Noticed a two-headed ogre
 11513 | D:8      | Slain by a two-headed ogre

Illustrated notes

Levels and vault maps discovered:
D:1:      lightli_arrival_chessboard, layout_rooms, minmay_misc_feat_rows
D:2:      layout_basic, basic_altar, serial_shops,
          nicolae_shop_advertising_works [nicolae_subvault_shop_adworks],
          dreamdust_ecumenical_altar_drowned_temple
D:3:      layout_basic, uniq_grinder
D:4:      layout_layer_cave, mainiacjoe_overflow_chevrons,
          mainiacjoe_overflow_concentric_impassable, minmay_temple_entry_trees
D:5:      layout_gridville, amcnicky_altar_gilded, kennysheep_mini_moat,
          uniq_eustachio
D:6:      layout_basic, lemuel_coloured_pillars_altar
D:7:      layout_cave_pods, jmf_multi_god_temple, dk_noncrumbling_2,
          uniq_menkaure
D:8:      nzn_winding_woodlands_large [nzn_winding_woodlands_5x5_checkerboard,
          nzn_winding_woodlands_5x15_garden,
          nzn_winding_woodlands_5x5_open_star,
          nzn_winding_woodlands_center_lodge,
          nzn_winding_woodlands_15x15_thick_spiral,
          nzn_winding_woodlands_center_garden,
          nzn_winding_woodlands_5x5_perimeter,
          nzn_winding_woodlands_5x15_pockets, nzn_winding_woodlands_5x5_cross],
          layout_basic, grunt_lair_entry_orc_guard_hut
Temple:   zaba_magenta_temple

Skill      XL: |  1  2  3  4  5  6  7  8  9 |
---------------+----------------------------+-----
Transmutations | 3 6 5 7 |  7.7
Ice Magic      | 2 4 5 |  5.0
Spellcasting   | 4 3 |  4.5
Fire Magic     | 2 |  2.5
Poison Magic   | 2 |  2.5
Fighting       | 3 4 |  4.8
Dodging        | 4 5 |  5.7
Invocations    | 3 4 |  4.5
Stealth        | 2 4 |  4.2
Unarmed Combat | |  3.0

Action                   |  1- 3 |  4- 6 |  7- 9 || total
-------------------------+-------+-------+-------++-------
Melee: Unarmed           |   120 |   124 |   236 ||   480
       Headbutt          |    17 |     4 |     2 ||    23
       Bite              |     8 |     3 |     2 ||    13
       Punch             |     4 |     1 |     1 ||     6
 Cast: Beastly Appendage |    21 |     6 |     2 ||    29
       Spider Form       |       |    16 |    36 ||    52
       Ignite Poison     |       |     3 |    18 ||    21
       Ice Form          |       |       |     9 ||     9
Invok: Recall Undead Har |       |       |     9 ||     9
       Dark Bargain      |       |       |     1 ||     1
 Abil: End Transformatio |       |     1 |     5 ||     6
  Use: Potion            |     1 |     2 |     6 ||     9
       Scroll            |       |       |     7 ||     7
 Stab: Sleeping          |     3 |     3 |     2 ||     8
       Distracted        |       |     1 |       ||     1
       Invisible         |       |       |     2 ||     2
Armor: Skin              |    15 |    14 |    21 ||    50
Dodge: Dodged            |    87 |   101 |   246 ||   434
